 Dungeon Crawl Stone Soup version 0.18-a0-1273-g8ec5f8e (webtiles) character file.

445 namelastname112 the Shooter (level 6, 0/52 HPs)
             Began as a Draconian Hunter on Feb 7, 2016.
             Slain by a mummy (11 damage)
             ... in an ossuary.
             The game lasted 00:05:34 (3712 turns).

namelastname112 the Shooter (Draconian Hunter)      Turns: 3712, Time: 00:05:35

Health: 0/52       AC:  9    Str: 14    XL:     6   Next: 72%
Magic:  6/6        EV: 13    Int: 12    God:
Gold:   135        SH:  0    Dex: 13    Spells: 0 memorised, 5 levels left

rFire  . . .     SeeInvis .     t - +2 whip (freeze)
rCold  . . .     Gourm    .     (armour unavailable)
rNeg   . . .     Faith    .     (no shield)
rPois  .         Spirit   .     j - +2 hat
rElec  .         Dismiss  .     (no cloak)
rCorr  .         Reflect  .     m - +0 pair of gloves
SustAt .         Harm     .     (no boots)
MR     .....                    (no amulet)
Stlth  +.........               (no ring)
                                (no ring)

@: not resistant to hostile enchantments, very unstealthy
A: unfitting armour, cold-blooded, AC +6
a: no special abilities


You were in an ossuary.
You were not hungry.

You visited 1 branch of the dungeon, and saw 4 of its levels.
You also visited: Ossuary.

You collected 135 gold pieces.

Inventory:

Hand Weapons
 a - a +1 shortbow
 t - a +2 whip of freezing (weapon)
Missiles
 c - 8 arrows
Armour
 j - a +2 hat (worn)
 m - a +0 pair of gloves (worn)
Magical Staves
 b - an uncursed staff of cold
Scrolls
 d - a scroll of remove curse
 k - a scroll of enchant armour {unknown}
 o - a scroll of enchant weapon {unknown}
 q - a scroll of blinking {unknown}
 s - 4 scrolls of identify {unknown}
 u - a scroll of immolation {unknown}
 w - a scroll of recharging {unknown}
 x - a scroll of teleportation {unknown}
 y - 3 scrolls of fear {unknown}
Potions
 e - 2 potions of degeneration {unknown}
 f - 2 potions of brilliance {unknown}
 g - a potion of might {unknown}
 h - 3 potions of berserk rage {unknown}
 i - a potion of heal wounds {unknown}
 l - a potion of flight {unknown}
 n - 3 potions of curing
 p - 2 potions of ambrosia {unknown}
 r - a potion of cure mutation {unknown}


   Skills:
 + Level 3.7 Fighting
 + Level 2.6 Staves
 * Level 5.5 Bows
 + Level 3.4 Dodging
 - Level 0.8 Stealth


You had 5 spell levels left.
You didn't know any spells.

Dungeon Overview and Level Annotations

Branches:
Dungeon (4/15)
 Temple: D:4-7

Altars:
Okawaru
Qazlal
Ru
Trog
The Shining One


Innate Abilities, Weirdness & Mutations

Your plain brown scales are hard (AC +6).
Your body does not fit into most forms of armour.
You are cold-blooded and may be slowed by cold attacks.


Message History

The mummy misses you.
You see here a puce potion.
The mummy hits you! The mummy hits you!
* * * LOW HITPOINT WARNING * * *
The mummy hits you.
* * * LOW HITPOINT WARNING * * *
A mummy comes into view.
You see here an emerald potion.
You see here 20 gold pieces.
You see here 14 gold pieces.
You see here 13 gold pieces.
You see here 14 gold pieces.
The sentinel's mark upon you fades away.
You see here 14 gold pieces.
You see here 7 gold pieces.
You see here 3 grey potions.
The mummy hits you but does no damage. The mummy hits you!
You die...

#................
##..(...(......(.
##..(...........
#'##(.(.....#
##..##.(....##
##....##(...##
##!.....#((.(#
#$......#.((.#
#$.!.M.@#....#
#$$..MMM#....#
##$..M..#....#
#$$M..##....#
##$...##....#
#$!.###.∩∩.#
##### ######


You could see 6 mummies.

Vanquished Creatures
  2 ogres (D:4)
  2 scorpions (D:4)
  A hound (D:4)
  A worker ant (D:4)
  A big kobold zombie (Ossuary)
  2 mummies (Ossuary)
  An adder (D:3)
  An ooze (D:1)
  2 worms
  2 giant geckos
  4 giant cockroaches
  2 gnoll zombies (Ossuary)
  9 goblins
  3 hobgoblins
  3 jackals (D:1)
  11 kobolds
  2 quokkas (D:2)
  5 bats
  2 giant newts
  2 hobgoblin zombies (Ossuary)
  A kobold zombie (Ossuary)
  2 orc zombies (Ossuary)
  A quokka skeleton (D:4)
  8 rats
70 creatures vanquished.

Vanquished Creatures (others)
  4 toadstools (D:1)
4 creatures vanquished.

Grand Total: 74 creatures vanquished

Notes
Turn   | Place    | Note
--------------------------------------------------------------
     0 | D:1      | namelastname112 the Draconian Hunter began the quest for the Orb.
     0 | D:1      | Reached XP level 1. HP: 17/17 MP: 1/1
    98 | D:1      | Reached XP level 2. HP: 14/24 MP: 2/2
   576 | D:1      | Reached skill level 4 in Bows
   866 | D:2      | Noticed an earth elemental
   868 | D:2      | Found a stormy altar of Qazlal.
   872 | D:2      | Noticed a water elemental
   872 | D:2      | Noticed a fire elemental
   872 | D:2      | Noticed an air elemental
   904 | D:2      | Found a glowing golden altar of the Shining One.
   943 | D:2      | Found a faded altar to an unknown god.
  1006 | D:2      | Reached XP level 3. HP: 26/30 MP: 3/3
  1083 | D:2      | Found a sacrificial altar of Ru.
  2022 | D:3      | Found an iron altar of Okawaru.
  2233 | D:3      | Found a bloodstained altar of Trog.
  2327 | D:3      | Reached skill level 1 in Staves
  2342 | D:3      | Reached XP level 4. HP: 33/37 MP: 4/4
  2732 | D:4      | Noticed an ogre
  2746 | D:4      | Killed an ogre
  2746 | D:4      | Reached XP level 5. HP: 20/45 MP: 5/5
  2829 | D:4      | Reached skill level 5 in Bows
  3008 | D:4      | Noticed an ogre
  3017 | D:4      | Killed an ogre
  3017 | D:4      | Reached XP level 6. HP: 21/51 MP: 6/6
  3237 | D:4      | Found a sand-covered staircase.
  3244 | Ossuary  | Entered an ossuary
  3712 | Ossuary  | Slain by a mummy

Vault maps used:
D:1:      ldierk_walled_garden_2
D:2:      nicolae_qazlal_style_of_elements, nicolae_ru_the_path_less_chosen,
          ecumenical_altar_2, tso_metal_star
D:3:      lemuel_round_altar, first_bread, okawaru_ov_weapons_minmay
D:4:      kennysheep_little_box, enter_ossuary_3
Ossuary:  ossuary_tomb_3

Action                   |  1- 3 |  4- 6 || total
-------------------------+-------+-------++-------
Melee: Short sword       |    96 |       ||    96
       Whip              |    54 |    59 ||   113
 Fire: Shortbow          |     2 |   111 ||   113
  Use: Scroll            |     1 |       ||     1
       Potion            |       |     3 ||     3
 Stab: Sleeping          |     1 |       ||     1
  Eat: Bread ration      |     1 |     1 ||     2
       Chunk             |       |     2 ||     2
